 Dungeon Crawl Stone Soup version 0.31.0-12-g77e489cdc1 (webtiles) character file.

Game seed: 5473731717841873079

16 Fodor the Covered (level 2, -7/27 HPs)
             Began as a Minotaur Fighter on Mar 7, 2024.
             Mangled by a kobold
             ... wielding a +2 whip of electrocution
              (13 damage)
             ... on level 1 of the Dungeon.
             The game lasted 00:01:11 (485 turns).

Fodor the Covered (Minotaur Fighter)                 Turns: 485, Time: 00:01:11

Health: -7/27      AC:  7    Str: 20    XL:     2   Next: 37%
Magic:  1/1        EV:  9    Int:  5    God:
Gold:   33         SH:  4    Dex:  9    Spells: 1/1 levels left

rFire   . . .        a - +0 war axe
rCold   . . .        c - +0 buckler
rNeg    . . .        b - +0 scale mail
rPois   .            (helmet restricted)
rElec   .            (no cloak)
rCorr   .            (no gloves)
SInv    .            (no boots)
Will    .....        (no amulet) Stlth
                     (no ring)
HPRegen 0.24/turn    (no ring)
MPRegen 0.07/turn

%: no passive effects
@: no status effects
A: horns 2, retaliatory headbutt
a: no special abilities


You were on level 1 of the Dungeon.
You visited 1 branch of the dungeon, and saw 1 of its levels.

You collected 33 gold pieces.

Inventory:

Hand Weapons
 a - a +0 war axe (weapon)
Armour
 b - a +0 scale mail (worn)
 c - a +0 buckler (worn)
Talismans
 f - a serpent talisman
Scrolls
 g - 2 scrolls of identify {unknown}
Potions
 d - a potion of might
 e - a potion of heal wounds {unknown}
 h - a potion of curing {unknown}
 i - a potion of invisibility {unknown}


   Skills:
 + Level 3.9 Fighting
 + Level 2.6 Axes
 + Level 4.0 Armour
 + Level 0.1 Dodging
 + Level 3.9 Shields


You had one spell level left.
You didn't know any spells.
Your spell library was empty.

Dungeon Overview and Level Annotations

Branches:
Dungeon (1/15)

Altars:


Innate Abilities, Weirdness & Mutations

You have a pair of horns on your head.
You reflexively headbutt those who attack you in melee.


Message History

A bat comes into view.
Found a purple potion.
The bat closely misses you.
Found 6 stones.
The bat barely misses you. The bat hits you but does no damage.
The bat hits you but does no damage.
You closely miss the bat. The bat barely misses you. You furiously retaliate!
You headbutt the bat. The bat hits you. The bat hits you but does no damage.
You closely miss the bat. Your headbutt misses the bat.
The bat is moderately wounded.
You block the bat's attack. The bat hits you but does no damage.
You miss the bat. Your headbutt misses the bat.
The bat is moderately wounded.
The bat hits you but does no damage.
A kobold comes into view.
It is wielding a +2 whip of electrocution.
The kobold shouts!
The bat closely misses you. x2
You closely miss the bat.
The bat is moderately wounded.
The bat barely misses you. You furiously retaliate!
You headbutt the bat!
You kill the bat!
You see here a bat corpse.
You barely miss the kobold. Your headbutt misses the kobold.
The kobold hits you with a +2 whip of electrocution.
You barely miss the kobold. The kobold hits you but does no damage.
You are electrocuted!
Ouch! That really hurt!
* * * LOW HITPOINT WARNING * * *
The kobold closely misses you.
You barely miss the kobold. Your headbutt misses the kobold.
You block the kobold's attack.
You closely miss the kobold. Your headbutt misses the kobold.
The kobold hits you but does no damage. The kobold barely misses you.
You barely miss the kobold. Your headbutt misses the kobold.
You block the kobold's attack.
You barely miss the kobold. Your headbutt misses the kobold.
The kobold hits you with a +2 whip of electrocution.
* * * LOW HITPOINT WARNING * * *
You barely miss the kobold. The kobold hits you but does no damage.
You are electrocuted!
You die...

........##.##..#.#..#
....#.#.##.##..#(#..#
...>#.#)##.##..#.#.!#
....#.#.##.##..#.#..#
#...#.#.##.##..#....#
#...#.#.##.##..#....#
....................#
#........#.##..#.#..#
......##.#.##..#@#..#
...#..##.#.##..#K#..#
.###..##.#.##..#.#..##
.# #..##.#.##........
.# #..##[#.#..##.#..##
.###..##.#...........#
.................#...#
.##............#.#...#
.##...##.#.#.........#


You could see a kobold.

Vanquished Creatures
  A ball python (D:1)
  An endoplasm (D:1)
  A giant cockroach (D:1)
  2 hobgoblins (D:1)
  2 jackals (D:1)
  A quokka (D:1)
  2 bats (D:1)
  A frilled lizard (D:1)
  2 goblins (D:1)
  A rat (D:1)
14 creatures vanquished.

Notes
Turn   | Place    | Note
-------+----------+-------------------------------------------
     0 | D:1      | Fodor the Minotaur Fighter began the quest for the Orb.
     0 | D:1      | Reached XP level 1. HP: 19/19 MP: 0/0
   190 | D:1      | Reached XP level 2. HP: 22/27 MP: 1/1
   464 | D:1      | Reached skill level 4 in Armour
   485 | D:1      | Mangled by a kobold

Illustrated notes

Levels and vault maps discovered:
D:1:      minmay_arrival_stair_chambers, layout_basic

Skill      XL: |  1  2 |
---------------+-------+-----
Armour         | 4 |  4.0
Fighting       | |  3.9
Axes           | |  2.6
Dodging        | |  0.1
Shields        | |  3.9

Action                     || total
---------------------------++-------
  Melee: War axe           ||    45
         Headbutt          ||     4
 Armour: Scale mail        ||    40
  Dodge: Dodged            ||    27
  Block: Buckler           ||    10
